TOP OF THE 1ST |
Miami Marlins batting - Pitching for Tampa Bay Rays : RHP Jake Arrieta
|
Pitching: RHP Jake Arrieta
|
|
Batting: RHB Ian Desmond
|
0-0: Foul Ball, location: 2F 0-1: Ball 1-1: Ball 2-1: Foul Ball, location: 2F 2-2: Fly out, F7 (Flyball, 7S)
|
Batting: RHB Dan Robertson
|
0-0: SINGLE (Line Drive, 3D)
|
Batting: SHB Francisco Lindor
|
0-0: Foul Ball, location: 2F 0-1: Swinging Strike 0-2: Ball 1-2: Fielders Choice at 2nd, 3-6 (Groundball, 3)
|
Batting: RHB Yasmany Tomas
|
0-0: Called Strike 0-1: Ball 1-1: Called Strike 1-2: Ball 2-2: Ball Pickoff Throw to First - Out! 1-3
|
Top of the 1st over - 0 runs, 1 hit, 0 errors, 0 left on base; Miami 0 - Tampa Bay 0 |
BOTTOM OF THE 1ST |
Tampa Bay Rays batting - Pitching for Miami Marlins : RHP Tanner Roark
|
Pitching: RHP Tanner Roark
|
|
Batting: LHB Michael Conforto
|
0-0: Called Strike 0-1: Ball 1-1: Foul Ball, location: 2F 1-2: Strikes out swinging
|
Batting: RHB A.J. Pollock
|
0-0: Ball 1-0: Ground out 5-3 (Groundball, 56)
|
Batting: LHB Joey Votto
|
0-0: Ball 1-0: Ball 2-0: Ball 3-0: Base on Balls
|
Batting: RHB Gary Sanchez
|
0-0: Ball 1-0: Fly out, F4 (Flyball, 4MD)
|
Bottom of the 1st over - 0 runs, 0 hits, 0 errors, 1 left on base; Miami 0 - Tampa Bay 0 |
TOP OF THE 2ND |
Miami Marlins batting - Pitching for Tampa Bay Rays : RHP Jake Arrieta
|
Batting: RHB Yasmany Tomas
|
0-0: Called Strike 0-1: Foul Ball, location: 2F 0-2: Ball 1-2: Foul Ball, location: 2F 1-2: Ground out 6-3 (Groundball, 6)
|
Batting: RHB C.J. Cron
|
0-0: Ball 1-0: Hit by Pitch
|
Batting: RHB Danny Valencia
|
0-0: Fly out, F9 (Flyball, 9S)
|
Batting: RHB Rob Refsnyder
|
0-0: Called Strike 0-1: SINGLE (Groundball, 34) (infield hit) C.J. Cron to second
|
Batting: RHB David Wright
|
0-0: Called Strike 0-1: Ball 1-1: Ball 2-1: Called Strike 2-2: Strikes out swinging
|
Top of the 2nd over - 0 runs, 1 hit, 0 errors, 2 left on base; Miami 0 - Tampa Bay 0 |
BOTTOM OF THE 2ND |
Tampa Bay Rays batting - Pitching for Miami Marlins : RHP Tanner Roark
|
Batting: LHB Adam Eaton
|
0-0: Called Strike 0-1: Called Strike 0-2: Ball 1-2: Strikes out swinging
|
Batting: SHB Neil Walker
|
0-0: Called Strike 0-1: Ball 1-1: Foul Ball, location: 2F 1-2: Foul Ball, location: 2F 1-2: Ball 2-2: Strikes out swinging, 2-3 out at first.
|
Batting: RHB Adrian Beltre
|
0-0: Ball 1-0: Ball 2-0: Called Strike 2-1: Foul Ball, location: 2F 2-2: Ball 3-2: SINGLE (Groundball, 15) (infield hit)
|
Batting: SHB Ben Zobrist
|
0-0: Ball 1-0: Ball 2-0: Ball 3-0: Called Strike 3-1: Foul Ball, location: 2F 3-2: SINGLE (Groundball, 3D) Adrian Beltre to second Adrian Beltre to third
|
Batting: RHB Matt Duffy
|
0-0: Foul Ball, location: 2F 0-1: Ball 1-1: Foul Ball, location: 2F 1-2: Foul Ball, location: 2F 1-2: TRIPLE (Flyball, 78XD) Adrian Beltre scores Ben Zobrist scores
|
Batting: LHB Michael Conforto
|
0-0: Called Strike 0-1: Swinging Strike 0-2: Strikes out looking
|
Bottom of the 2nd over - 2 runs, 3 hits, 0 errors, 1 left on base; Miami 0 - Tampa Bay 2 |
TOP OF THE 3RD |
Miami Marlins batting - Pitching for Tampa Bay Rays : RHP Jake Arrieta
|
Batting: RHB Francisco Pena
|
0-0: Fly out, F4 (Flyball, 4D)
|
Batting: RHB Ian Desmond
|
0-0: Ball 1-0: Ball 2-0: Ball 3-0: Called Strike 3-1: Called Strike 3-2: Foul Ball, location: 2F 3-2: Foul Ball, location: 2F 3-2: Ground out 6-3 (Groundball, 6S)
|
Batting: RHB Dan Robertson
|
0-0: Ball 1-0: Foul Ball, location: 2F 1-1: Foul Ball, location: 2F 1-2: Ground out 6-3 (Groundball, 6)
|
Top of the 3rd over - 0 runs, 0 hits, 0 errors, 0 left on base; Miami 0 - Tampa Bay 2 |
BOTTOM OF THE 3RD |
Tampa Bay Rays batting - Pitching for Miami Marlins : RHP Tanner Roark
|
Batting: RHB A.J. Pollock
|
0-0: Ball 1-0: Swinging Strike 1-1: Called Strike 1-2: Ball 2-2: Ground out 5-3 (Groundball, 5L)
|
Batting: LHB Joey Votto
|
0-0: Called Strike 0-1: Fly out, F7 (Line Drive, 7D)
|
Batting: RHB Gary Sanchez
|
0-0: Ball 1-0: Foul Ball, location: 2F 1-1: Ball 2-1: Ball 3-1: Base on Balls
|
Batting: LHB Adam Eaton
|
0-0: Called Strike 0-1: Swinging Strike 0-2: Ball 1-2: DOUBLE (Groundball, 5L) Gary Sanchez to third Runner from 3rd tries for Home, SAFE, throw by LF to home
|
Batting: SHB Neil Walker
|
0-0: Ball 1-0: Ball 2-0: Ball 3-0: Called Strike 3-1: Ground out 4-3 (Groundball, 4)
|
Bottom of the 3rd over - 1 run, 1 hit, 0 errors, 1 left on base; Miami 0 - Tampa Bay 3 |
TOP OF THE 4TH |
Miami Marlins batting - Pitching for Tampa Bay Rays : RHP Jake Arrieta
|
Batting: SHB Francisco Lindor
|
0-0: Ball 1-0: Called Strike 1-1: Ball 2-1: Ball 3-1: SOLO HOME RUN (Line Drive, 7D), Distance : 370 ft
|
Batting: RHB Yasmany Tomas
|
0-0: Called Strike 0-1: Called Strike 0-2: Strikes out looking
|
Batting: RHB C.J. Cron
|
0-0: Ball 1-0: Called Strike 1-1: Foul Ball, location: 2F 1-2: Foul Ball, location: 2F 1-2: SINGLE (Groundball, 6MD)
|
Batting: RHB Danny Valencia
|
0-0: Called Strike 0-1: Ball 1-1: Fielders Choice at 2nd, 6-4 (Groundball, 56)
|
Batting: RHB Rob Refsnyder
|
0-0: Ball 1-0: Called Strike 1-1: Ball 2-1: Fly out, F8 (Flyball, 8RXD)
|
Top of the 4th over - 1 run, 2 hits, 0 errors, 1 left on base; Miami 1 - Tampa Bay 3 |
BOTTOM OF THE 4TH |
Tampa Bay Rays batting - Pitching for Miami Marlins : RHP Tanner Roark
|
Batting: RHB Adrian Beltre
|
0-0: Foul Ball, location: 2F 0-1: Ball 1-1: Foul Ball, location: 2F 1-2: Foul Ball, location: 2F 1-2: Ball 2-2: Foul Ball, location: 2F 2-2: Ball 3-2: Foul Ball, location: 2F 3-2: Foul Ball, location: 2F 3-2: Ground out 5-3 (Groundball, 56)
|
Batting: SHB Ben Zobrist
|
0-0: Called Strike 0-1: Called Strike 0-2: Strikes out swinging
|
Batting: RHB Matt Duffy
|
0-0: Ball 1-0: Foul Ball, location: 2F 1-1: Foul Ball, location: 2F 1-2: Foul Ball, location: 2F 1-2: SINGLE (Flyball, 7LS)
|
Batting: LHB Michael Conforto
|
0-0: Called Strike 0-1: Foul Ball, location: 2F 0-2: Ground out 4-3 (Groundball, 4)
|
Bottom of the 4th over - 0 runs, 1 hit, 0 errors, 1 left on base; Miami 1 - Tampa Bay 3 |
TOP OF THE 5TH |
Miami Marlins batting - Pitching for Tampa Bay Rays : RHP Jake Arrieta
|
Batting: RHB David Wright
|
0-0: Called Strike 0-1: Swinging Strike 0-2: Strikes out swinging
|
Batting: RHB Francisco Pena
|
0-0: Ball 1-0: Ground out 5-3 (Groundball, 56S)
|
Batting: RHB Ian Desmond
|
0-0: Ball 1-0: Foul Ball, location: 2F 1-1: Called Strike 1-2: Ball 2-2: Foul Ball, location: 2F 2-2: Strikes out swinging
|
Top of the 5th over - 0 runs, 0 hits, 0 errors, 0 left on base; Miami 1 - Tampa Bay 3 |
BOTTOM OF THE 5TH |
Tampa Bay Rays batting - Pitching for Miami Marlins : RHP Tanner Roark
|
Pitching: RHP Craig Stammen
|
|
Batting: RHB A.J. Pollock
|
0-0: Called Strike 0-1: Fly out, F5 (Line Drive, 5)
|
Batting: LHB Joey Votto
|
0-0: Foul Ball, location: 2F 0-1: Ball 1-1: Fly out, F9 (Flyball, 9)
|
Batting: RHB Gary Sanchez
|
0-0: Called Strike 0-1: Called Strike 0-2: Strikes out swinging
|
Bottom of the 5th over - 0 runs, 0 hits, 0 errors, 0 left on base; Miami 1 - Tampa Bay 3 |
TOP OF THE 6TH |
Miami Marlins batting - Pitching for Tampa Bay Rays : RHP Jake Arrieta
|
Batting: RHB Dan Robertson
|
0-0: Ground out 5-3 (Groundball, 56)
|
Batting: SHB Francisco Lindor
|
0-0: Foul Ball, location: 2F 0-1: Ball 1-1: Ball 2-1: Ball 3-1: Called Strike 3-2: Strikes out swinging
|
Batting: RHB Yasmany Tomas
|
0-0: Called Strike 0-1: Ball 1-1: Ball 2-1: Foul Ball, location: 2F 2-2: Foul Ball, location: 2F 2-2: Ground out 4-3 (Groundball, 6MD)
|
Top of the 6th over - 0 runs, 0 hits, 0 errors, 0 left on base; Miami 1 - Tampa Bay 3 |
BOTTOM OF THE 6TH |
Tampa Bay Rays batting - Pitching for Miami Marlins : RHP Craig Stammen
|
Batting: LHB Adam Eaton
|
0-0: Ball 1-0: Swinging Strike 1-1: Foul Ball, location: 2F 1-2: Strikes out looking
|
Batting: SHB Neil Walker
|
0-0: Ball 1-0: Called Strike 1-1: Called Strike 1-2: Ball 2-2: SINGLE (Line Drive, 78S)
|
Batting: RHB Adrian Beltre
|
0-0: Called Strike 0-1: Called Strike 0-2: Ball 1-2: Strikes out looking
|
Batting: SHB Ben Zobrist
|
0-0: Foul Ball, location: 2F 0-1: Foul Ball, location: 2F 0-2: Ball 1-2: Ball 2-2: Strikes out swinging
|
Bottom of the 6th over - 0 runs, 1 hit, 0 errors, 1 left on base; Miami 1 - Tampa Bay 3 |
TOP OF THE 7TH |
Miami Marlins batting - Pitching for Tampa Bay Rays : RHP Jake Arrieta
|
Batting: RHB C.J. Cron
|
0-0: Swinging Strike 0-1: Called Strike 0-2: Foul Ball, location: 2F 0-2: Strikes out swinging
|
Batting: RHB Danny Valencia
|
0-0: Called Strike 0-1: Foul Ball, location: 2F 0-2: Fly out, F6 (Popup, 56D)
|
Batting: RHB Rob Refsnyder
|
0-0: Ball 1-0: Foul Ball, location: 2F 1-1: Foul Ball, location: 2F 1-2: Ball 2-2: Foul Ball, location: 2F 2-2: Ball 3-2: Foul Ball, location: 2F 3-2: SINGLE (Groundball, 34D)
|
Pitching: RHP Brad Brach
|
|
Batting: RHB David Wright
|
0-0: Ball 1-0: Ball 2-0: DOUBLE (Line Drive, 89XD) Rob Refsnyder to third Runner from 3rd tries for Home, SAFE, throw by RF to home
|
Batting: RHB Francisco Pena
|
0-0: Foul Ball, location: 2F 0-1: Called Strike 0-2: Foul Ball, location: 2F 0-2: Strikes out looking
|
Top of the 7th over - 1 run, 2 hits, 0 errors, 1 left on base; Miami 2 - Tampa Bay 3 |
BOTTOM OF THE 7TH |
Tampa Bay Rays batting - Pitching for Miami Marlins : RHP Craig Stammen
|
Pitching: LHP Blaine Hardy
|
|
Batting: RHB Matt Duffy
|
0-0: Ball 1-0: Called Strike 1-1: Ball 2-1: Ball 3-1: Base on Balls
|
Batting: LHB Michael Conforto
|
0-0: Ball 1-0: Ball 2-0: Swinging Strike 2-1: Swinging Strike 2-2: Ball 3-2: Fly out, F8 (Flyball, 89M)
|
Batting: RHB A.J. Pollock
|
0-0: Called Strike 0-1: Fly out, F8 (Line Drive, 8LD)
|
Batting: LHB Joey Votto
|
0-0: Ball 1-0: Called Strike 1-1: Foul Ball, location: 2F 1-2: Ball 2-2: Foul Ball, location: 2F 2-2: Ball 3-2: Fly out, F7 (Line Drive, 7D)
|
Bottom of the 7th over - 0 runs, 0 hits, 0 errors, 1 left on base; Miami 2 - Tampa Bay 3 |
TOP OF THE 8TH |
Miami Marlins batting - Pitching for Tampa Bay Rays : RHP Brad Brach
|
Batting: RHB Ian Desmond
|
0-0: Called Strike 0-1: Ball 1-1: DOUBLE (Line Drive, 9LS)
|
Batting: RHB Dan Robertson
|
0-0: Ground out 6-3 (Groundball, 6)
|
Batting: SHB Francisco Lindor
|
0-0: Swinging Strike 0-1: Ball 1-1: Ball 2-1: Ball 3-1: Foul Ball, location: 2F 3-2: SINGLE (Line Drive, 34D) Ian Desmond to third
|
Batting: RHB Yasmany Tomas
|
0-0: Ball 1-0: Foul Ball, location: 2F 1-1: Ball 2-1: Called Strike 2-2: Ball 3-2: SINGLE (Line Drive, 78M) Ian Desmond scores Francisco Lindor to second
|
Pitching: LHP James Pazos
|
|
Batting: RHB C.J. Cron
|
0-0: Ball 1-0: Ball 2-0: Called Strike 2-1: Foul Ball, location: 2F 2-2: Ball 3-2: Strikes out looking
|
Batting: RHB Danny Valencia
|
0-0: Ball 1-0: Fielders Choice at 2nd, 5-4 (Groundball, 56)
|
Top of the 8th over - 1 run, 3 hits, 0 errors, 2 left on base; Miami 3 - Tampa Bay 3 |
BOTTOM OF THE 8TH |
Tampa Bay Rays batting - Pitching for Miami Marlins : LHP Blaine Hardy
|
Pitching: RHP George Kontos
|
|
Batting: RHB Gary Sanchez
|
0-0: Ball 1-0: Foul Ball, location: 2F 1-1: Ball 2-1: Ball 3-1: Base on Balls
|
Batting: LHB Adam Eaton
|
0-0: Ball 1-0: Foul Ball, location: 2F 1-1: Ball 2-1: Ball 3-1: Base on Balls Gary Sanchez to second
|
Batting: SHB Neil Walker
|
0-0: Swinging Strike 0-1: Foul Ball, location: 2F 0-2: Foul Ball, location: 2F 0-2: Foul Ball, location: 2F 0-2: Ball 1-2: Foul Ball, location: 2F 1-2: Ball 2-2: Ball 3-2: Foul Ball, location: 2F 3-2: Foul Ball, location: 2F 3-2: Foul Ball, location: 2F 3-2: Base on Balls Gary Sanchez to third Adam Eaton to second
|
Batting: RHB Adrian Beltre
|
0-0: Ball 1-0: Swinging Strike 1-1: Fly out, F4 (Flyball, 34D)
|
Pitching: RHP Tony Barnette
|
|
Batting: SHB Ben Zobrist
|
0-0: Foul Ball, location: 2F 0-1: Ball 1-1: Swinging Strike 1-2: Ball 2-2: Ball 3-2: Foul Ball, location: 2F 3-2: Base on Balls Gary Sanchez scores Adam Eaton to third Neil Walker to second
|
Batting: RHB Matt Duffy
|
0-0: Called Strike 0-1: Fly out, F4 (Popup, 3L)
|
Batting: LHB Michael Conforto
|
0-0: Swinging Strike 0-1: Ball 1-1: Fly out, F4 (Flyball, 4D)
|
Bottom of the 8th over - 1 run, 0 hits, 0 errors, 3 left on base; Miami 3 - Tampa Bay 4 |
TOP OF THE 9TH |
Miami Marlins batting - Pitching for Tampa Bay Rays : LHP James Pazos
|
Pitching: RHP Keone Kela
|
|
Batting: RHB Rob Refsnyder
|
0-0: Foul Ball, location: 2F 0-1: Ball 1-1: Foul Ball, location: 2F 1-2: SINGLE (Line Drive, 6D)
|
Batting: RHB David Wright
|
0-0: Ball 1-0: Foul Ball, location: 2F 1-1: Ball 2-1: Called Strike 2-2: Ball 3-2: Base on Balls Rob Refsnyder to second
|
Batting: RHB Francisco Pena
|
0-0: Called Strike 0-1: Called Strike 0-2: Ball 1-2: Strikes out swinging
|
Batting: RHB Ian Desmond
|
0-0: Swinging Strike 0-1: Swinging Strike 0-2: Strikes out swinging
|
Batting: RHB Dan Robertson
|
0-0: Foul Ball, location: 2F 0-1: Ball 1-1: Ball 2-1: Ball 3-1: Swinging Strike 3-2: Foul Ball, location: 2F 3-2: SINGLE (Groundball, 4D) Rob Refsnyder to third David Wright to second Rob Refsnyder scores David Wright to third
|
Pitching: RHP Darren O'Day
|
|
Batting: SHB Francisco Lindor
|
0-0: Called Strike 0-1: Swinging Strike 0-2: Ball 1-2: Foul Ball, location: 2F 1-2: Ball 2-2: Strikes out swinging
|
Top of the 9th over - 1 run, 2 hits, 0 errors, 2 left on base; Miami 4 - Tampa Bay 4 |
BOTTOM OF THE 9TH |
Tampa Bay Rays batting - Pitching for Miami Marlins : RHP Tony Barnette
|
Pitching: LHP Boone Logan
|
|
Batting: RHB A.J. Pollock
|
0-0: Ball 1-0: Ball 2-0: Ground out 6-3 (Groundball, 56)
|
Batting: LHB Joey Votto
|
0-0: Foul Ball, location: 2F 0-1: DOUBLE (Flyball, 8RXD)
|
Batting: RHB Gary Sanchez
|
0-0: Intentional Walk
|
Batting: LHB Adam Eaton
|
0-0: Foul Ball, location: 2F 0-1: Ball 1-1: Fielders Choice at 2nd, 5-4 (Groundball, 56) Joey Votto to third
|
Batting: SHB Neil Walker
|
0-0: Foul Ball, location: 2F 0-1: Foul Ball, location: 2F 0-2: Ball 1-2: Ball 2-2: Strikes out swinging
|
Bottom of the 9th over - 0 runs, 1 hit, 0 errors, 2 left on base; Miami 4 - Tampa Bay 4 |
TOP OF THE 10TH |
Miami Marlins batting - Pitching for Tampa Bay Rays : RHP Darren O'Day
|
Batting: RHB Yasmany Tomas
|
0-0: Ball 1-0: Ball 2-0: Called Strike 2-1: Ball 3-1: Called Strike 3-2: Strikes out swinging
|
Batting: RHB C.J. Cron
|
0-0: Called Strike 0-1: Ball 1-1: Swinging Strike 1-2: Strikes out swinging passed ball, reaches first!
|
Batting: RHB Danny Valencia
|
0-0: Ball 1-0: Called Strike 1-1: Ground out 5-3 (Groundball, 56S) C.J. Cron to second
|
Batting: RHB Rob Refsnyder
|
0-0: Foul Ball, location: 2F 0-1: Ball 1-1: Ball 2-1: Ball 3-1: Swinging Strike 3-2: Foul Ball, location: 2F 3-2: Base on Balls
|
Pitching: LHP Chasen Shreve
|
|
Batting: RHB David Wright
|
0-0: Ball 1-0: Ground out 1-3 (Groundball, 34S)
|
Top of the 10th over - 0 runs, 0 hits, 0 errors, 2 left on base; Miami 4 - Tampa Bay 4 |
BOTTOM OF THE 10TH |
Tampa Bay Rays batting - Pitching for Miami Marlins : LHP Boone Logan
|
Batting: RHB Adrian Beltre
|
0-0: Ball 1-0: Ball 2-0: Called Strike 2-1: Ball 3-1: Base on Balls
|
Batting: SHB Ben Zobrist
|
0-0: Ball 1-0: Ball 2-0: Ball 3-0: Base on Balls Adrian Beltre to second
|
Pitching: RHP Tyler Clippard
|
|
Batting: RHB Matt Duffy
|
0-0: Ball 1-0: Ball 2-0: Called Strike 2-1: Fielders Choice at 2nd, 4-6 (Groundball, 4) Adrian Beltre to third
|
Batting: LHB Michael Conforto
|
0-0: Called Strike Matt Duffy steals 2nd base (no throw) 0-1: Ball 1-1: Ball 2-1: Foul Ball, location: 2F 2-2: Ball 3-2: Base on Balls
|
Batting: RHB A.J. Pollock
|
0-0: Ball 1-0: Foul Ball, location: 2F 1-1: Foul Ball, location: 2F 1-2: Ball 2-2: Foul Ball, location: 2F 2-2: Strikes out swinging
|
Batting: LHB Joey Votto
|
0-0: Ball 1-0: Ground out 4-3 (Groundball, 34)
|
Bottom of the 10th over - 0 runs, 0 hits, 0 errors, 3 left on base; Miami 4 - Tampa Bay 4 |
TOP OF THE 11TH |
Miami Marlins batting - Pitching for Tampa Bay Rays : LHP Chasen Shreve
|
Batting: RHB Francisco Pena
|
0-0: Foul Ball, location: 2F 0-1: Ball 1-1: Ball 2-1: Foul Ball, location: 2F 2-2: Strikes out looking
|
Batting: RHB Ian Desmond
|
0-0: SOLO HOME RUN (Flyball, 9D), Distance : 374 ft
|
Batting: RHB Dan Robertson
|
0-0: Fly out, F7 (Flyball, 7D)
|
Batting: SHB Francisco Lindor
|
0-0: Ball 1-0: Swinging Strike 1-1: Ball 2-1: Foul Ball, location: 2F 2-2: Ground out 4-3 (Groundball, 4)
|
Top of the 11th over - 1 run, 1 hit, 0 errors, 0 left on base; Miami 5 - Tampa Bay 4 |
BOTTOM OF THE 11TH |
Tampa Bay Rays batting - Pitching for Miami Marlins : RHP Tyler Clippard
|
Now at 2B: Charlie Culberson
|
|
Now in LF: Alex Gordon
|
|
Batting: RHB Gary Sanchez
|
0-0: Called Strike 0-1: Ball 1-1: Foul Ball, location: 2F 1-2: Foul Ball, location: 2F 1-2: Foul Ball, location: 2F 1-2: Strikes out looking
|
Batting: LHB Adam Eaton
|
0-0: Called Strike 0-1: Swinging Strike 0-2: Ball 1-2: Foul Ball, location: 2F 1-2: Foul Ball, location: 2F 1-2: Ball 2-2: Strikes out swinging
|
Batting: SHB Neil Walker
|
0-0: SOLO HOME RUN (Flyball, 9D), Distance : 358 ft
|
Batting: RHB Adrian Beltre
|
0-0: Ball 1-0: Called Strike 1-1: Foul Ball, location: 2F 1-2: Ball 2-2: Fly out, F7 (Flyball, 78D)
|
Bottom of the 11th over - 1 run, 1 hit, 0 errors, 0 left on base; Miami 5 - Tampa Bay 5 |
TOP OF THE 12TH |
Miami Marlins batting - Pitching for Tampa Bay Rays : LHP Chasen Shreve
|
Batting: LHB Alex Gordon
|
0-0: Ground out 4-3 (Groundball, 4)
|
Batting: RHB C.J. Cron
|
0-0: Ball 1-0: Foul Ball, location: 2F 1-1: Foul Ball, location: 2F 1-2: Strikes out swinging
|
Batting: RHB Danny Valencia
|
0-0: Ball 1-0: Swinging Strike 1-1: Ball 2-1: Foul Ball, location: 2F 2-2: Foul Ball, location: 2F 2-2: Foul Ball, location: 2F 2-2: Ball 3-2: Strikes out looking
|
Top of the 12th over - 0 runs, 0 hits, 0 errors, 0 left on base; Miami 5 - Tampa Bay 5 |
BOTTOM OF THE 12TH |
Tampa Bay Rays batting - Pitching for Miami Marlins : RHP Tyler Clippard
|
Batting: SHB Ben Zobrist
|
0-0: Ball 1-0: Ball 2-0: Ball 3-0: Base on Balls
|
Pitching: LHP Robbie Ross Jr.
|
|
Batting: RHB Matt Duffy
|
0-0: Ball 1-0: Swinging Strike 1-1: Foul Ball, location: 2F 1-2: Fly out, F9 (Flyball, 89M)
|
Batting: LHB Michael Conforto
|
0-0: Called Strike 0-1: Ball 1-1: Ball 2-1: Swinging Strike 2-2: Ball 3-2: Foul Ball, location: 2F 3-2: Ground out 4-3 (Groundball, 4M) Ben Zobrist to second
|
Batting: RHB A.J. Pollock
|
0-0: Called Strike 0-1: Ball 1-1: Ball 2-1: Foul Ball, location: 2F 2-2: Foul Ball, location: 2F 2-2: Ball 3-2: Base on Balls
|
Batting: LHB Joey Votto
|
0-0: SINGLE (Groundball, 56) (infield hit) Ben Zobrist to third A.J. Pollock to second
|
Batting: RHB Gary Sanchez
|
0-0: Called Strike 0-1: Ball 1-1: Called Strike 1-2: Ball 2-2: Strikes out swinging
|
Bottom of the 12th over - 0 runs, 1 hit, 0 errors, 3 left on base; Miami 5 - Tampa Bay 5 |
TOP OF THE 13TH |
Miami Marlins batting - Pitching for Tampa Bay Rays : LHP Chasen Shreve
|
Batting: RHB Charlie Culberson
|
0-0: Ground out 1-3 (Groundball, 13S)
|
Batting: RHB David Wright
|
0-0: Ball 1-0: Ball 2-0: Foul Ball, location: 2F 2-1: Ground out 4-3 (Groundball, 4MD)
|
Pitching: RHP Erasmo Ramirez
|
|
Batting: RHB Francisco Pena
|
0-0: Foul Ball, location: 2F 0-1: Called Strike 0-2: Ball 1-2: Ball 2-2: Ball 3-2: Foul Ball, location: 2F 3-2: Foul Ball, location: 2F 3-2: Foul Ball, location: 2F 3-2: Strikes out looking
|
Top of the 13th over - 0 runs, 0 hits, 0 errors, 0 left on base; Miami 5 - Tampa Bay 5 |
BOTTOM OF THE 13TH |
Tampa Bay Rays batting - Pitching for Miami Marlins : LHP Robbie Ross Jr.
|
Batting: LHB Adam Eaton
|
0-0: Foul Ball, location: 2F 0-1: SINGLE (Line Drive, 7S)
|
Batting: SHB Neil Walker
|
0-0: Foul Ball, location: 2F 0-1: Ball 1-1: Ball 2-1: Called Strike 2-2: Ball 3-2: Foul Ball, location: 2F 3-2: Fly out, F9 (Flyball, 9S)
|
Batting: RHB Adrian Beltre
|
0-0: Foul Ball, location: 2F 0-1: Ball 1-1: Ball 2-1: Called Strike 2-2: Foul Ball, location: 2F 2-2: Foul Ball, location: 2F 2-2: Ball 3-2: Reached on error, E6 (Groundball, 6) Adam Eaton to second
|
Batting: SHB Ben Zobrist
|
0-0: Swinging Strike 0-1: Foul Ball, location: 2F 0-2: Ball 1-2: Foul Ball, location: 2F 1-2: Ball 2-2: Ground out U3 (Groundball, 3S) Adam Eaton to third Adrian Beltre to second
|
Batting: RHB Matt Duffy
|
0-0: Ball 1-0: Fly out, F9 (Flyball, 89D)
|
Bottom of the 13th over - 0 runs, 1 hit, 1 error, 2 left on base; Miami 5 - Tampa Bay 5 |
TOP OF THE 14TH |
Miami Marlins batting - Pitching for Tampa Bay Rays : RHP Erasmo Ramirez
|
Batting: RHB Ian Desmond
|
0-0: Ball 1-0: Fly out, F3 (Popup, 3S)
|
Batting: RHB Dan Robertson
|
0-0: Swinging Strike 0-1: Ball 1-1: Ball 2-1: Ball 3-1: Fly out, F9 (Line Drive, 9)
|
Batting: SHB Francisco Lindor
|
0-0: Swinging Strike 0-1: Ground out 2-3 (Groundball, 2R)
|
Top of the 14th over - 0 runs, 0 hits, 0 errors, 0 left on base; Miami 5 - Tampa Bay 5 |
BOTTOM OF THE 14TH |
Tampa Bay Rays batting - Pitching for Miami Marlins : LHP Robbie Ross Jr.
|
Batting: LHB Michael Conforto
|
0-0: Called Strike 0-1: Ground out 4-3 (Groundball, 4)
|
Batting: RHB A.J. Pollock
|
0-0: Ball 1-0: Called Strike 1-1: Ball 2-1: Called Strike 2-2: Ground out 4-3 (Groundball, 34)
|
Batting: LHB Joey Votto
|
0-0: Called Strike 0-1: Foul Ball, location: 2F 0-2: Foul Ball, location: 2F 0-2: Ball 1-2: Foul Ball, location: 2F 1-2: Ball 2-2: Ball 3-2: Fly out, F4 (Popup, 34)
|
Bottom of the 14th over - 0 runs, 0 hits, 0 errors, 0 left on base; Miami 5 - Tampa Bay 5 |
TOP OF THE 15TH |
Miami Marlins batting - Pitching for Tampa Bay Rays : RHP Erasmo Ramirez
|
Batting: LHB Alex Gordon
|
0-0: Ball 1-0: Ball 2-0: Foul Ball, location: 2F 2-1: Ball 3-1: Called Strike 3-2: Foul Ball, location: 2F 3-2: Strikes out swinging
|
Batting: RHB C.J. Cron
|
0-0: Ball 1-0: Called Strike 1-1: Ball 2-1: Fly out, F5 (Flyball, 5D)
|
Batting: RHB Danny Valencia
|
0-0: Called Strike 0-1: Ball 1-1: Ball 2-1: Called Strike 2-2: Ball 3-2: Base on Balls
|
Batting: RHB Charlie Culberson
|
0-0: Ball 1-0: DOUBLE (Line Drive, 9LS) Danny Valencia to third
|
Batting: RHB David Wright
|
0-0: Ball 1-0: Foul Ball, location: 2F 1-1: Ball 2-1: Swinging Strike 2-2: Strikes out swinging
|
Top of the 15th over - 0 runs, 1 hit, 0 errors, 2 left on base; Miami 5 - Tampa Bay 5 |
BOTTOM OF THE 15TH |
Tampa Bay Rays batting - Pitching for Miami Marlins : LHP Robbie Ross Jr.
|
Pitching: RHP Cheslor Cuthbert
|
|
Batting: RHB Gary Sanchez
|
0-0: Ball 1-0: Fly out, F7 (Flyball, 7LS)
|
Batting: LHB Adam Eaton
|
0-0: Ball 1-0: Ball 2-0: Ball 3-0: Called Strike 3-1: Base on Balls
|
Batting: SHB Neil Walker
|
0-0: Ball 1-0: Fly out, F9 (Flyball, 89S)
|
Batting: RHB Adrian Beltre
|
0-0: Ball 1-0: Foul Ball, location: 2F 1-1: Ball 2-1: Ball 3-1: Called Strike 3-2: Base on Balls Adam Eaton to second
|
Batting: SHB Ben Zobrist
|
0-0: Called Strike 0-1: Ball 1-1: Fly out, F9 (Flyball, 9)
|
Bottom of the 15th over - 0 runs, 0 hits, 0 errors, 2 left on base; Miami 5 - Tampa Bay 5 |
TOP OF THE 16TH |
Miami Marlins batting - Pitching for Tampa Bay Rays : RHP Erasmo Ramirez
|
Batting: RHB Francisco Pena
|
0-0: SINGLE (Line Drive, 9LS)
|
Pitching: RHP Bryan Mitchell
|
|
Batting: RHB Ian Desmond
|
0-0: Foul Ball, location: 2F 0-1: Sac Bunt to 23 - play at first, batter OUT! 3-4 Francisco Pena to second
|
Batting: RHB Dan Robertson
|
0-0: Ball 1-0: Called Strike 1-1: Swinging Strike 1-2: Strikes out swinging
|
Batting: SHB Francisco Lindor
|
0-0: Intentional Walk
|
Batting: LHB Alex Gordon
|
0-0: Called Strike 0-1: Ball 1-1: Called Strike 1-2: Strikes out swinging, 2-3 out at first.
|
Top of the 16th over - 0 runs, 1 hit, 0 errors, 2 left on base; Miami 5 - Tampa Bay 5 |
BOTTOM OF THE 16TH |
Tampa Bay Rays batting - Pitching for Miami Marlins : RHP Cheslor Cuthbert
|
Batting: RHB Matt Duffy
|
0-0: Called Strike 0-1: Foul Ball, location: 2F 0-2: Fly out, F9 (Flyball, 89S)
|
Batting: LHB Michael Conforto
|
0-0: Called Strike 0-1: Fly out, F9 (Flyball, 9S)
|
Batting: RHB A.J. Pollock
|
0-0: Ball 1-0: Ball 2-0: Called Strike 2-1: SINGLE (Line Drive, 89S)
|
Batting: LHB Joey Votto
|
0-0: Called Strike 0-1: Fly out, F7 (Line Drive, 7S)
|
Bottom of the 16th over - 0 runs, 1 hit, 0 errors, 1 left on base; Miami 5 - Tampa Bay 5 |
TOP OF THE 17TH |
Miami Marlins batting - Pitching for Tampa Bay Rays : RHP Bryan Mitchell
|
Batting: RHB C.J. Cron
|
0-0: Ball 1-0: Swinging Strike 1-1: Fly out, F6 (Popup, 6MD)
|
Batting: RHB Danny Valencia
|
0-0: Ball 1-0: Fly out, F8 (Line Drive, 8LD)
|
Batting: RHB Charlie Culberson
|
0-0: Called Strike 0-1: Foul Ball, location: 2F 0-2: Foul Ball, location: 2F 0-2: Foul Ball, location: 2F 0-2: Strikes out swinging
|
Top of the 17th over - 0 runs, 0 hits, 0 errors, 0 left on base; Miami 5 - Tampa Bay 5 |
BOTTOM OF THE 17TH |
Tampa Bay Rays batting - Pitching for Miami Marlins : RHP Cheslor Cuthbert
|
Batting: RHB Gary Sanchez
|
0-0: Called Strike 0-1: Fly out, F7 (Flyball, 7LM)
|
Batting: LHB Adam Eaton
|
0-0: Ball 1-0: Ball 2-0: Ball 3-0: Called Strike 3-1: Base on Balls
|
Batting: SHB Neil Walker
|
0-0: Called Strike 0-1: Foul Ball, location: 2F 0-2: Ball 1-2: Foul Ball, location: 2F 1-2: Ball 2-2: Foul Ball, location: 2F 2-2: Foul Ball, location: 2F 2-2: Ball 3-2: Foul Ball, location: 2F 3-2: Foul Ball, location: 2F 3-2: Foul Ball, location: 2F 3-2: Base on Balls Adam Eaton to second
|
Batting: RHB Adrian Beltre
|
0-0: Ball 1-0: SINGLE (Line Drive, 89S) Adam Eaton to third Neil Walker to second Runner from 3rd tries for Home, SAFE, throw by CF to home
|
 |
Wednesday, September 26th, 2018 - OOTP Baseball 19.8 Build 79
|
|